Map: Artillería pesada EE

Players

MrFercho

  • Race: Zerg Zerg
  • League: Silver
  • Spawn Location: 7:00

TATORREA

  • Race: Protoss Protoss
  • League: Gold
  • Spawn Location: 7:00

Kit - Winner!

  • Race: Zerg Zerg
  • League: Platinum
  • Spawn Location: 1:00

Maganu - Winner!

  • Race: Protoss Protoss
  • Spawn Location: 3:00

VOD

Have the link to the VOD?

Description

Time

  • Played on: July 17, 2020, 10:26 p.m.
  • Length: 13:22
Show
View Real Time Build Order
Export as new Build Order

MrFercho Zerg 

Build Orders: Hatch First 

Get SALT Encoding   

  12  0:04  Drone  
  13  0:18  Overlord  
  13  0:19  Drone  
  14  0:38  Drone x2  
  16  0:53  Hatchery, Drone  
  16  0:56  Drone  
  17  1:04  Drone  
  17  1:09  Extractor  
  17  1:18  Spawning Pool  
  16  1:19  Drone  
  16  1:23  Drone  
  18  1:34  Drone  
  19  1:45  Drone  
  20  1:55  Overlord  
  20  2:05  Queen  
  20  2:06  Queen  
  20  2:07  Drone x2  
  26  2:20  Drone x2  
  28  2:32  Drone  
  29  2:37  Drone x2  
  29  2:40  Drone  
  32  2:45  Metabolic Boost  
  32  2:46  Hatchery  
  33  2:51  Drone x2  
  33  3:08  Drone x2  
  33  3:09  Drone  
  36  3:20  Overlord x3  
  36  3:38  Drone x2  
  36  3:39  Drone x3  
  42  3:55  Zergling x4  
  42  3:56  Zergling x6  
  46  4:03  Pneumatized Carapace  
  46  4:07  Zergling x6  
  49  4:16  Drone x5  
  54  4:27  Overlord x3  
  54  4:29  Drone x2  
  54  4:30  Drone  
  57  4:35  Hatchery  
  57  4:38  Zergling x2  
  57  4:46  Queen  
  57  4:49  Zergling x8  
  63  5:14  Baneling Nest  
  63  5:18  Drone x2  
  64  5:21  Drone x2  
  64  5:22  Drone x4  
  70  5:36  Zergling x8  
  70  5:37  Zergling x4  
  76  5:49  Evolution Chamber  
  75  5:50  Zergling x8  
  79  6:01  Zergling x2  
  79  6:02  Zergling x22  
  91  6:16  Zerg Melee Weapons Level 1  
  91  6:26  Zergling x10  
  91  6:28  Overlord x5  
  96  6:33  Baneling x17  
  96  6:34  Baneling  
  96  6:49  Zergling x2  
  96  6:50  Zergling x22  
  96  7:02  Zergling x18  
  93  7:11  Spore Crawler  
  93  7:14  Zergling x2  
  93  7:15  Zergling x8  
  84  7:21  Zergling x10  
  84  7:26  Spore Crawler  
  84  7:28  Spore Crawler  
  82  7:34  Spore Crawler  
  82  7:36  Spore Crawler  
  80  7:37  Lair  
  80  7:45  Zergling x18  
  89  7:53  Drone x3, Spore Crawler  
  89  7:54  Drone  
  92  8:09  Drone x2  
  94  8:19  Baneling x5  
  94  8:20  Baneling  
  94  8:22  Zergling x2  
  94  8:23  Zergling x16  
  103  8:38  Zergling x22, Hatchery  
  81  9:03  Zergling x10  
  81  9:04  Zergling x26  
  91  9:21  Zergling x18  
  99  9:29  Zerg Melee Weapons Level 2  
  77  9:55  Zergling x32  
  88  10:02  Extractor  
  88  10:04  Extractor  
  88  10:06  Zergling x16  
  85  10:12  Overseer  
  84  10:22  Extractor  
  84  10:25  Zergling x24  
  69  10:56  Zergling x24  
  60  11:24  Hydralisk Den  
  41  11:40  Zergling x12  
  41  11:41  Zergling x12  
  53  11:59  Hydralisk  
  55  12:15  Hydralisk  
  57  12:29  Hydralisk x8  
  58  12:30  Hydralisk x7  
  65  12:37  Hydralisk  
  65  12:38  Hydralisk x3  
  71  12:45  Zergling x10  
Show
View Real Time Build Order
Export as new Build Order

TATORREA Protoss 

Build Orders:  

Get SALT Encoding   

  12  0:03  Probe  
  13  0:15  Probe  
  14  0:27  Probe  
  15  0:33  Pylon  
  15  0:51  Probe  
  16  1:02  Probe  
  17  1:11  Probe  
  17  1:14  Gateway  
  17  1:16  Gateway  
  18  1:19  Probe  
  19  1:29  Assimilator  
  19  1:33  Pylon  
  19  1:34  Probe  
  20  1:46  Probe  
  20  1:53  Nexus  
  20  1:58  Probe  
  21  2:07  Cybernetics Core  
  21  2:10  Probe  
  22  2:21  Assimilator  
  22  2:22  Probe  
  23  2:26  Gateway  
  23  2:34  Probe  
  24  2:51  Probe  
  24  2:57  Warp Gate  
  25  2:58  Stalker x2  
  25  3:03  Probe  
  30  3:09  Probe  
  31  3:16  Probe  
  31  3:19  Pylon  
  32  3:21  Probe  
  33  3:28  Pylon  
  33  3:31  Pylon  
  33  3:33  Pylon  
  33  3:36  Probe x2  
  35  3:46  Stargate  
  35  3:48  Gateway  
  35  3:49  Probe  
  35  3:50  Probe  
  37  4:00  Robotics Facility  
  37  4:01  Probe  
  37  4:02  Probe  
  39  4:08  Gateway  
  39  4:14  Probe  
  39  4:15  Probe  
  41  4:23  Probe x2  
  41  4:26  Assimilator  
  41  4:30  Assimilator  
  41  4:31  Probe x2, Phoenix  
  47  4:41  Probe x2  
  49  4:53  Probe  
  49  4:56  Phoenix  
  49  4:59  Immortal  
  56  5:07  Nexus  
  56  5:14  Pylon  
  56  5:17  Pylon  
  56  5:25  Probe x2  
  58  5:37  Probe x2  
  58  5:38  Observer  
  61  5:43  Void Ray  
  65  5:50  Fleet Beacon, Probe  
  65  5:51  Probe  
  65  5:56  Stalker  
  69  6:03  Probe x2  
  71  6:16  Probe  
  71  6:17  Probe  
  71  6:26  Stalker x3, Void Ray, Immortal  
  71  6:27  Stalker x2  
  71  6:30  Pylon  
  85  6:33  Pylon  
  84  7:10  Phoenix  
  82  7:28  Probe x3  
  85  7:40  Probe  
  85  7:43  Stalker  
  85  7:44  Stalker x4  
  83  7:46  Probe x2  
  89  7:52  Probe  
  89  7:58  Probe x2  
  92  8:04  Probe  
  91  8:15  Probe  
  91  8:16  Probe x2  
  91  8:18  Anion Pulse-Crystals  
  94  8:25  Phoenix  
  96  8:28  Probe x3  
  96  8:33  Pylon  
  99  8:40  Pylon, Stargate  
  99  8:44  Pylon  
  99  8:46  Pylon  
  99  8:48  Stalker x4  
  103  8:50  Phoenix  
  109  9:02  Assimilator  
  109  9:03  Assimilator  
  107  9:15  Phoenix  
  103  9:39  Phoenix  
  70  10:07  Stalker x4, Phoenix x2  
  72  10:28  Gateway, Phoenix x2  
  72  10:31  Gateway  
  72  10:32  Twilight Council  
  72  10:33  Gateway  
  51  10:43  Gateway  
  51  10:44  Gateway  
  51  10:45  Gateway  
  51  10:46  Gateway  
  45  10:50  Gateway  
  45  10:51  Stalker x2  
  45  10:52  Stalker x2  
  45  10:53  Phoenix x2  
  43  11:18  Phoenix x2  
  46  11:30  Forge  
  46  11:36  Pylon  
  46  11:39  Pylon  
  46  11:46  Phoenix  
  46  11:47  Phoenix  
  17  12:33  Zealot x4  
  17  12:34  Zealot  
Show
View Real Time Build Order
Export as new Build Order

Kit Zerg - Winner!

Build Orders: Hatch First 

Get SALT Encoding   

  12  0:01  Drone  
  13  0:13  Overlord  
  13  0:18  Drone  
  14  0:32  Drone x2  
  17  0:35  Drone  
  17  0:47  Drone  
  18  1:00  Extractor  
  18  1:01  Drone  
  18  1:04  Hatchery  
  17  1:16  Spawning Pool  
  16  1:28  Drone x2  
  18  1:35  Drone  
  19  1:46  Overlord  
  19  2:04  Drone x2  
  19  2:06  Queen  
  19  2:07  Metabolic Boost  
  23  2:15  Queen  
  23  2:16  Drone  
  23  2:18  Drone  
  27  2:26  Drone  
  27  2:28  Drone  
  29  2:35  Overlord  
  29  2:43  Baneling Nest  
  28  2:45  Drone x2  
  30  2:53  Overlord  
  30  2:55  Drone  
  31  3:04  Lair  
  32  3:05  Drone  
  32  3:09  Drone  
  32  3:11  Extractor, Drone  
  33  3:36  Drone x5  
  33  3:37  Drone x2  
  33  3:39  Extractor  
  33  3:41  Extractor  
  38  3:44  Spore Crawler  
  38  3:46  Spore Crawler  
  38  3:47  Drone x2  
  38  3:51  Drone  
  39  4:12  Drone x5  
  44  4:21  Overlord x2, Spore Crawler  
  44  4:22  Spire  
  42  4:24  Drone x2  
  42  4:25  Drone x2  
  46  4:33  Overlord  
  46  5:28  Spore Crawler  
  46  5:35  Mutalisk x2  
  45  5:36  Mutalisk x7  
  45  5:38  Zergling x4  
  45  5:39  Zergling x6  
  68  5:54  Zerg Flyer Weapons Level 1  
  68  6:00  Zergling x8  
  68  6:03  Hatchery  
  71  6:12  Overseer  
  71  6:25  Mutalisk x2  
  75  6:34  Overlord  
  75  6:35  Overlord x5  
  71  7:29  Mutalisk  
  71  7:30  Mutalisk x7  
  87  7:48  Zerg Flyer Armor Level 1  
  88  7:51  Zergling x2  
  88  7:52  Zergling x10  
  93  8:18  Drone x6  
  93  8:19  Drone  
  100  8:25  Hydralisk Den  
  100  8:26  Infestation Pit  
  98  8:42  Mutalisk x2  
  98  8:43  Mutalisk x2  
  98  8:45  Zergling x2  
  98  8:46  Zergling x10  
  112  8:49  Overlord  
  112  9:18  Mutalisk  
  112  9:19  Mutalisk x3  
  111  9:41  Zerg Flyer Weapons Level 2  
  111  9:44  Drone  
  110  10:08  Mutalisk x5  
  102  11:09  Mutalisk  
  102  11:10  Mutalisk x3  
  110  11:11  Zergling x4  
  105  12:02  Zergling x12  
Show
View Real Time Build Order
Export as new Build Order

Maganu Protoss - Winner!

Build Orders:  

Get SALT Encoding   

  12  0:01  Probe  
  13  0:14  Probe  
  14  0:27  Probe  
  15  0:34  Pylon  
  15  0:52  Probe  
  16  0:58  Gateway  
  16  1:05  Probe  
  16  1:06  Pylon  
  16  1:07  Assimilator  
  17  1:28  Probe  
  18  1:36  Probe  
  18  1:47  Cybernetics Core  
  19  1:50  Gateway  
  19  1:54  Gateway, Probe  
  19  1:58  Assimilator  
  20  2:06  Probe  
  21  2:13  Nexus  
  21  2:18  Probe  
  21  2:21  Warp Gate  
  22  2:34  Probe  
  23  2:39  Pylon  
  23  2:45  Stalker  
  25  2:54  Forge  
  25  2:57  Probe  
  26  3:05  Pylon  
  26  3:09  Probe  
  27  3:17  Gateway  
  27  3:31  Photon Cannon  
  27  3:32  Probe x2  
  29  3:37  Protoss Ground Weapons Level 1  
  29  3:41  Probe  
  29  3:44  Probe  
  31  3:49  Probe  
  32  3:56  Probe  
  32  3:59  Probe  
  34  4:08  Probe  
  35  4:11  Stalker  
  35  4:12  Stalker x2  
  41  4:19  Probe  
  41  4:20  Assimilator, Probe  
  43  4:31  Probe  
  43  4:32  Probe  
  43  4:33  Assimilator  
  43  4:38  Pylon  
  45  4:41  Pylon  
  45  4:43  Probe  
  45  4:45  Photon Cannon  
  46  4:48  Stalker  
  48  5:01  Robotics Facility  
  48  5:05  Twilight Council, Probe x2  
  50  5:16  Photon Cannon  
  50  5:19  Stalker, Photon Cannon  
  52  5:27  Probe  
  53  5:30  Photon Cannon  
  53  5:31  Probe  
  54  5:39  Probe  
  55  5:47  Charge  
  55  5:49  Nexus  
  55  5:54  Pylon, Probe x2  
  57  6:04  Immortal  
  61  6:12  Protoss Ground Weapons Level 2  
  61  6:18  Stalker  
  63  6:28  Stalker x2  
  67  6:34  Immortal  
  67  6:35  Probe x2  
  73  6:47  Probe  
  74  6:56  Photon Cannon  
  74  6:58  Photon Cannon  
  74  7:00  Zealot x3  
  60  7:24  Photon Cannon  
  60  7:26  Photon Cannon  
  60  7:27  Stalker x3  
  60  7:29  Photon Cannon  
  66  7:33  Shield Battery  
  66  7:37  Pylon  
  66  7:38  Probe x3  
  66  7:40  Pylon  
  69  7:46  Immortal  
  69  7:50  Probe x2, Zealot  
  77  8:03  Gateway  
  77  8:04  Gateway  
  77  8:06  Pylon  
  77  8:09  Probe  
  77  8:12  Probe x2  
  80  8:17  Probe  
  80  8:19  Assimilator  
  80  8:21  Pylon  
  80  8:24  Probe x2  
  83  8:27  Probe  
  83  8:29  Robotics Bay  
  84  8:37  Assimilator  
  84  8:38  Pylon  
  84  8:39  Probe  
  85  8:48  Stargate  
  85  8:51  Gateway, Probe x2  
  85  8:52  Probe  
  88  8:57  Zealot x4  
  92  9:04  Zealot  
  84  9:18  Probe x2  
  84  9:19  Probe  
  84  9:22  Extended Thermal Lance  
  84  9:23  Colossus  
  93  9:29  Zealot  
  93  9:30  Probe, Zealot x4  
  104  9:35  Protoss Ground Weapons Level 3  
  104  9:58  Zealot x3  
  100  10:07  Pylon  
  100  10:09  Pylon  
  100  10:12  Pylon  
  98  10:23  Pylon  
  98  10:27  Pylon  
  98  10:35  Colossus  
  98  10:39  Stalker x2  
  98  10:40  Stalker x3  
  98  10:41  Fleet Beacon  
  114  10:45  Gateway  
  114  10:47  Gateway  
  114  10:50  Photon Cannon  
  114  10:51  Photon Cannon  
  114  10:54  Photon Cannon  
  114  11:04  Nexus  
  112  11:20  Pylon  
  112  11:24  Pylon  
  112  11:28  Stalker  
  112  11:29  Stalker x3  
  120  11:33  Zealot x2  
  120  11:39  Carrier  
  130  11:43  Stargate  
  130  11:44  Stargate  
  130  11:45  Colossus  
  136  12:05  Stalker x2  
  136  12:06  Zealot x5  
  136  12:07  Zealot  
  152  12:13  Gateway  
  148  12:46  Gateway  
  148  12:49  Shield Battery  
  148  12:53  Photon Cannon  
  148  12:57  Photon Cannon  
  148  13:01  Probe x2  
  148  13:02  Probe x2  
Tags
 
Add a new tag
Caveats
  • Supply blocks, unpowered buildings, or Contaminate may cause inaccurate times.
  • Supply counts are checked every 10 seconds.